 Dungeon Crawl Stone Soup version 0.29.0-4-gdea44cf6ec (webtiles) character file.

Game seed: 5789562460763162107

121411 qw the Warrior (level 16, -6/151 (162) HPs)
             Began as a Minotaur Berserker on Sept 9, 2022.
             Was a High Priest of Trog.
             Mangled by a sun demon (19 damage)
             ... summoned by an orc high priest
             ... on level 2 of the Orcish Mines.
             The game lasted 00:11:20 (27740 turns).

qw the Warrior (Minotaur Berserker)                Turns: 27740, Time: 00:11:20

HP:   -6/151 (162)  AC: 25    Str: 30    XL:     16   Next: 32%
MP:   15/15         EV: 14    Int:  4    God:    Trog [*****.]
Gold: 2271          SH: 12    Dex: 10    Spells: 15/15 levels left

rFire   + . .      SeeInvis .   d - +3 war axe (vamp)
rCold   + + .      Faith    .   h - +0 kite shield
rNeg    . . .      Spirit   .   u - +2 plate armour of Bistrue {Rampage}
rPois   .          Reflect  .   r - +2 hat
rElec   .          Harm     .   s - scarf {rC+ rF+}
rCorr   .          Rampage  +   (no gloves)
Will    +....                   j - +2 pair of boots
Stlth   ..........              q - amulet of the acrobat
HPRegen 0.35/turn               g - ring of protection from cold
MPRegen 0.14/turn               n - +4 ring of evasion

@: about to teleport, on berserk cooldown, drained
A: horns 2, retaliatory headbutt
a: Renounce Religion, Berserk, Trog's Hand, Brothers in Arms


You were on level 2 of the Orcish Mines.
You worshipped Trog.
Trog was extremely pleased with you.
You visited 3 branches of the dungeon, and saw 22 of its levels.

You collected 2981 gold pieces.
You spent 710 gold pieces at shops.


Innate Abilities, Weirdness & Mutations

You have a pair of horns on your head.
You reflexively headbutt those who attack you in melee.


   Skills:
 - Level 20.0 Fighting
 - Level 16.2 Axes
 - Level 7.2 Throwing
 - Level 16.6 Armour
 - Level 8.0 Dodging
 + Level 14.8 Shields


You had 15 spell levels left.
You didn't know any spells.
Your spell library was empty.

Inventory:

Hand Weapons
 d - a +3 vampiric war axe (weapon)
 v - a +4 broad axe of flaming
Missiles
 l - 12 boomerangs
 m - 5 silver boomerangs (quivered)
 z - 5 boomerangs of dispersal
Armour
 h - a +0 kite shield (worn)
 j - a +2 pair of boots (worn)
 p - a +0 cloak
 r - a +2 hat (worn)
 s - a scarf of resistance (worn)
 u - the +2 plate armour of Bistrue (worn) {Rampage}
   (You found it on level 5 of the Lair of Beasts)

   Rampage:   It bestows one free step when moving towards enemies.
Jewellery
 g - a ring of protection from cold (left hand)
 n - a +4 ring of evasion (right hand)
 q - an amulet of the acrobat (around neck)
 y - an amulet of regeneration
Scrolls
 a - 11 scrolls of identify
 c - 10 scrolls of teleportation
 w - 2 scrolls of enchant armour
Potions
 b - 6 potions of mutation
 e - 8 potions of haste
 f - 2 potions of might
 k - 8 potions of curing
 o - 2 potions of resistance

Dungeon Overview and Level Annotations

Branches:
Dungeon (15/15)            Temple (0/1) D:5            Lair (5/5) D:11
  Swamp (0/4) Lair:3        Snake (0/4) Lair:3        Slime (0/5) Lair:4
    Orc (2/2) D:11            Elf (0/3) Orc:2        Vaults (0/5) D:14
 Depths (0/4) D:15

Altars:
Ashenzari
Cheibriados
Dithmenos
Elyvilon
Fedhas
Gozag
Hepliaklqana
Okawaru
Ru
Trog
Vehumet
Wu Jian
Yredelemnul
Zin

Shops:
D:4 *   D:6 :   D:7 (*   D:14 ?   Orc:2 ([**

Annotations:
D:5 2 runed translucent doors, Crazy Yiuf; qw's ghost, novice MiBe
D:8 2 transporters, qw's ghost, novice MiFi
D:15 1 runed translucent door
Orc:2 3 runed translucent doors, Maurice; qw's ghost, adept GrBe


Message History

You feel strangely unstable.
The orc warrior hits you but does no damage.
The sun demon hits you but does no damage.
The orc high priest intones a terrible prayer.
The orc high priest hits you from afar with a +0 glaive!
27738 ||| DRINKING potion of heal wounds.
You feel much better.
You feel yourself speed up.
The soul eater disappears in a puff of smoke!
The sun demon hits you!
You are engulfed in flames!
You resist.
The orc high priest hits you but does no damage.
The orc warrior hits you but does no damage.
The orc warrior closely misses you. You furiously retaliate!
You headbutt the orc warrior!
The orc warrior hits your ogre with a +0 war axe.
The orc warrior unwields a +0 arbalest.
The orc warrior wields a +0 halberd.
The orc warrior hits you but does no damage.
The sun demon closely misses you.
The orc high priest hits you from afar with a +0 glaive!
The orc warrior hits you but does no damage.
The orc high priest prays to Beogh.
You block the orc warrior's attack. The orc warrior misses you.
Your ogre rages.
The orc warrior hits you but does no damage.
You hit the orc warrior but do no damage.
You headbutt the orc warrior, but do no damage.
The orc warrior is moderately wounded.
You barely miss the orc warrior.
You hit the orc warrior but do no damage.
You slash the sun demon! The sun demon hits you.
You are engulfed in flames.
You resist.
The orc high priest hits you from afar with a +0 glaive.
The orc warrior hits you but does no damage. x2
You block the orc warrior's attack.
You barely miss the orc warrior.
The orc warrior is moderately wounded.
You closely miss the orc warrior. You hit the sun demon.
You closely miss the orc warrior. You block the orc warrior's attack.
The sun demon hits you!!
You die...

.. #...#...#
#.......o...##
#....#...#....#
#.............#
#....#...#....#
#.......3o....#
#....#.3o#o...#
#.....oo3...#
#...#@o@#...#
#.....O...#
#..#...#..#
##.......##
###.#.###
#\...\ ##\#\##
#####


You could see Maurice (swift), 2 orc high priests, 2 sun demons, a ynoxinul
(summoned), 5 orc warriors and a friendly ogre (summoned, berserk).

Vanquished Creatures
  Gastronok (Lair:1)
  An azure jelly (shapeshifter) (D:15)
  A fire giant (D:13)
  A very ugly thing (D:15)
  Snorg (D:12)
  A great orb of eyes (D:15)
  Josephine (D:12)
  A rakshasa (D:15)
  8 vault guards (D:14)
  5 boulder beetles
  6 hydras
  Erolcha (D:9)
  An ogre mage (D:15)
  2 catoblepae
  3 centaur warriors
  A death knight (D:12)
  11 two-headed ogres
  6 death yaks
  3 orc high priests (Orc:2)
  A skeletal warrior (D:13)
  Lodul (D:12)
  A lindwurm (Lair:5)
  6 orc knights
  A phantasmal warrior (D:12)
  3 deep elf pyromancers
  An oklob plant (Lair:4)
  4 ugly things
  5 cyclopes
  26 slime creatures
  2 manticores
  Joseph (D:8)
  20 elephants
  3 black mambas
  3 gargoyles
  A torpor snail (Lair:2)
  9 cane toads
  A smoke demon (D:13)
  2 unseen horrors
  3 kobold demonologists
  2 rime drakes
  2 efreet
  A tengu conjurer (D:14)
  8 komodo dragons
  A yaktaur (D:15)
  2 freezing wraiths (D:12)
  4 trolls
  A tarantella (shapeshifter) (D:13)
  6 hornets
  8 polar bears
  20 blink frogs
  4 tyrant leeches (Lair:3)
  17 dream sheep
  17 spriggans
  A vampire (D:10)
  12 wyverns
  53 yaks
  7 wraiths
  A fire bat (shapeshifter) (D:13)
  A golden eye (shapeshifter) (D:15)
  A steam dragon (D:8)
  4 basilisks
  6 vampire mosquitoes
  3 wargs
  Edmund (D:5)
  3 acid dragons
  2 nagas (Lair:3)
  38 orc warriors
  17 water moccasins
  An ice beast (D:8)
  4 black bears
  13 ogres
  39 wolves
  4 boggarts (Lair:5)
  5 centaurs
  2 phantoms (D:5)
  4 kobold brigands
  9 bullfrogs
  A necrophage (D:7)
  2 scorpions (D:5)
  16 wights
  10 killer bees
  An electric eel (D:8)
  10 howler monkeys
  4 hounds
  5 jellies
  2 gnoll boudas
  33 orc priests
  An iguana (D:5)
  Ijyb (D:5)
  17 orc wizards
  Robin (D:4)
  14 gnolls
  8 adders
  2 shadow imps
  A white imp (D:6)
  2 worms
  7 dart slugs
  98 orcs
  8 bats
  10 endoplasms
  4 giant cockroaches
  16 goblins
  6 hobgoblins
  7 jackals
  8 quokkas
  9 ball pythons
  4 frilled lizards
  20 kobolds
  5 rats
806 creatures vanquished.

Vanquished Creatures (collateral kills)
  Agnes (D:15)
  5 hydras
  A catoblepas (D:9)
  4 orc knights
  An ugly thing (D:9)
  2 elephants (Lair:5)
  A black mamba (Lair:4)
  A polar bear (Lair:2)
  A blink frog (Lair:5)
  A vampire mosquito (D:14)
  5 yaks (Lair:5)
  An orc warrior (Orc:2)
24 creatures vanquished.

Vanquished Creatures (others)
  21 fungi
  70 plants
91 creatures vanquished.

Grand Total: 921 creatures vanquished

Notes
Turn   | Place    | Note
-------+----------+-------------------------------------------
     0 | D:1      | qw the Minotaur Berserker began the quest for the Orb.
     0 | D:1      | Reached XP level 1. HP: 19/19 MP: 0/0
     0 | D:1      | 0 ||| qw: Version: 0.1-a-113-g051387a
     0 | D:1      | 0 ||| qw: Game counter: 6966
     0 | D:1      | 0 ||| qw: Always use a shield: true
     0 | D:1      | 0 ||| qw: Do Orc after D:15 true
     0 | D:1      | 0 ||| qw: Do second Lair branch before Depths: true
     0 | D:1      | 0 ||| qw: Lair rune preference: random
     0 | D:1      | 0 ||| qw: Plans: Normal
     0 | D:1      | 0 ||| PLANNING D:1-11
    63 | D:1      | 63 ||| Stepping ~*~*~tactically~*~*~ (stealth).
   181 | D:1      | Reached XP level 2. HP: 25/26 MP: 1/1
   465 | D:1      | Found a faded altar of an unknown god.
   737 | D:1      | 737 ||| Stepping ~*~*~tactically~*~*~ (stealth).
   738 | D:1      | 738 ||| Stepping ~*~*~tactically~*~*~ (stealth).
   739 | D:1      | 739 ||| Stepping ~*~*~tactically~*~*~ (stealth).
  1005 | D:1      | 1005 ||| UPGRADING to +0 ring mail.
  1015 | D:1      | 1015 ||| DROPPING +0 animal skin.
  1016 | D:1      | 1016 ||| UPGRADING to +0 pair of boots.
  1021 | D:1      | 1021 ||| UPGRADING to ring of protection from cold.
  1022 | D:1      | 1022 ||| READING 2 scrolls labelled LAHISE FADOASSUQO.
  1023 | D:1      | 1023 ||| DRINKING 2 golden potions.
  1058 | D:2      | 1058 ||| DROPPING +0 club.
  1103 | D:2      | 1103 ||| INVOKING Berserk.
  1109 | D:2      | Reached XP level 3. HP: 31/31 MP: 2/2
  1128 | D:2      | 1128 ||| Stepping ~*~*~tactically~*~*~ (stealth).
  1441 | D:2      | Reached ** piety under Trog
  1493 | D:2      | Reached skill level 6 in Axes
  1493 | D:2      | Reached XP level 4. HP: 39/39 MP: 3/3
  1723 | D:2      | 1723 ||| Stepping ~*~*~tactically~*~*~ (stealth).
  1724 | D:2      | 1724 ||| Stepping ~*~*~tactically~*~*~ (stealth).
  1725 | D:2      | 1725 ||| Stepping ~*~*~tactically~*~*~ (stealth).
  1737 | D:2      | 1737 ||| Stepping ~*~*~tactically~*~*~ (stealth).
  1738 | D:2      | 1738 ||| Stepping ~*~*~tactically~*~*~ (stealth).
  1761 | D:2      | Found an ornate altar of the Wu Jian Council.
  1839 | D:2      | 1839 ||| Stepping ~*~*~tactically~*~*~ (stealth).
  1842 | D:2      | 1842 ||| Stepping ~*~*~tactically~*~*~ (stealth).
  1843 | D:2      | 1843 ||| Stepping ~*~*~tactically~*~*~ (stealth).
  1854 | D:2      | 1854 ||| Stepping ~*~*~tactically~*~*~ (stealth).
  1855 | D:2      | 1855 ||| Stepping ~*~*~tactically~*~*~ (stealth).
  1861 | D:2      | 1861 ||| Stepping ~*~*~tactically~*~*~ (stealth).
  1863 | D:2      | 1863 ||| Stepping ~*~*~tactically~*~*~ (stealth).
  1866 | D:2      | 1866 ||| Stepping ~*~*~tactically~*~*~ (stealth).
  1868 | D:2      | 1868 ||| Stepping ~*~*~tactically~*~*~ (stealth).
  1975 | D:2      | 1975 ||| UPGRADING to +4 ring of evasion.
  1976 | D:2      | 1976 ||| READING scroll labelled WYESTR GOTTUY.
  1981 | D:2      | 1981 ||| READING scroll labelled JAQORR IGEL.
  2114 | D:2      | 2114 ||| READING scroll labelled NAKIAPTOTO.
  2115 | D:2      | 2115 ||| READING 2 scrolls labelled TIOSIATHRY KENA.
  2116 | D:2      | 2116 ||| DROPPING scroll of magic mapping.
  2134 | D:3      | 2134 ||| STAIRDANCE
  2180 | D:3      | 2180 ||| Stepping ~*~*~tactically~*~*~ (stealth).
  2199 | D:3      | Found a sacrificial altar of Ru.
  2340 | D:3      | 2340 ||| Stepping ~*~*~tactically~*~*~ (hiding).
  2343 | D:3      | 2343 ||| INVOKING Berserk.
  2346 | D:3      | Reached XP level 5. HP: 45/45 MP: 4/4
  2352 | D:3      | Reached skill level 4 in Fighting
  2375 | D:3      | 2375 ||| Stepping ~*~*~tactically~*~*~ (stealth).
  2385 | D:3      | Reached *** piety under Trog
  2468 | D:3      | 2468 ||| DROPPING +0 mace.
  2540 | D:3      | 2540 ||| Stepping ~*~*~tactically~*~*~ (stealth).
  2541 | D:3      | 2541 ||| Stepping ~*~*~tactically~*~*~ (stealth).
  2546 | D:3      | 2546 ||| Stepping ~*~*~tactically~*~*~ (stealth).
  2562 | D:3      | Found a white marble altar of Elyvilon.
  2734 | D:3      | Found a radiant altar of Vehumet.
  2734 | D:3      | Found a broken altar of Ashenzari.
  2843 | D:3      | 2843 ||| DRINKING 2 metallic green potions.
  2844 | D:3      | 2844 ||| READING 2 scrolls of identify.
  2844 | D:3      | 2844 ||| IDENTIFYING metallic purple potion
  2845 | D:3      | 2845 ||| DROPPING potion of flight.
  2872 | D:4      | 2872 ||| PLANNING SEWER
  2872 | D:4      | 2872 ||| Stepping ~*~*~tactically~*~*~ (hiding).
  2888 | D:4      | Noticed Robin
  2889 | D:4      | 2889 ||| Stepping ~*~*~tactically~*~*~ (hiding).
  2893 | D:4      | 2893 ||| INVOKING Berserk.
  2895 | D:4      | Killed Robin
  2899 | D:4      | Reached XP level 6. HP: 52/52 MP: 5/5
  2913 | D:4      | 2913 ||| Stepping ~*~*~tactically~*~*~ (stealth).
  2918 | D:4      | 2918 ||| Stepping ~*~*~tactically~*~*~ (stealth).
  3027 | D:4      | 3027 ||| INVOKING Berserk.
  3168 | D:4      | Identified the +1 leather armour of the Dozen Allies {Str-5
                  | Int+5}
  3194 | D:4      | 3194 ||| INVOKING Berserk.
  3410 | D:4      | 3410 ||| INVOKING Berserk.
  3470 | D:4      | 3470 ||| RIP SEWER
  3521 | D:4      | 3521 ||| PLANNING D:1-11
  3524 | D:4      | 3524 ||| Stepping ~*~*~tactically~*~*~ (stealth).
  3530 | D:4      | 3530 ||| INVOKING Berserk.
  3534 | D:4      | Reached skill level 9 in Axes
  3598 | D:4      | 3598 ||| Stepping ~*~*~tactically~*~*~ (hiding).
  3599 | D:4      | 3599 ||| Stepping ~*~*~tactically~*~*~ (hiding).
  3933 | D:4      | Found Fuos's General Store.
  3941 | D:4      | 3941 ||| BUYING +1 ring mail of fire resistance (176 gold).
  3941 | D:4      | Bought a +1 ring mail of fire resistance for 176 gold
                  | pieces
  3941 | D:4      | 3941 ||| SHOPLISTING +4 mace of Traps {freeze, Str+5} (471
                  | gold, have 128).
  3941 | D:4      | 3941 ||| BUYING potion of curing (33 gold).
  3941 | D:4      | Bought a potion of curing for 33 gold pieces
  3941 | D:4      | 3941 ||| BUYING scroll of identify (22 gold).
  3941 | D:4      | Bought a scroll of identify for 22 gold pieces
  3974 | D:4      | 3974 ||| DROPPING orb of wrath.
  3975 | D:4      | 3975 ||| UPGRADING to +1 ring mail of fire resistance.
  3985 | D:4      | 3985 ||| DROPPING +0 ring mail.
  3986 | D:4      | 3986 ||| DROPPING ring of ice.
  3987 | D:4      | 3987 ||| READING scroll labelled LUAMOQ PIEHOTA.
  3988 | D:4      | 3988 ||| READING 2 scrolls labelled WONAXI RISMAIS.
  3989 | D:4      | 3989 ||| READING scroll of brand weapon.
  3989 | D:4      | 3989 ||| BRANDING +0 vorpal hand axe.
  3990 | D:4      | 3990 ||| DROPPING +0 flail.
  3991 | D:4      | 3991 ||| READING 2 scrolls labelled MION SIFRAESU.
  3992 | D:4      | 3992 ||| READING scroll of enchant armour.
  3992 | D:4      | 3992 ||| ENCHANTING +0 pair of boots.
  3993 | D:4      | 3993 ||| DRINKING 3 murky blue potions.
  3994 | D:4      | 3994 ||| DRINKING 2 green potions.
  3995 | D:4      | 3995 ||| READING 2 scrolls of identify.
  3995 | D:4      | 3995 ||| IDENTIFYING fuming brown potion
  3996 | D:4      | 3996 ||| DROPPING potion of lignification.
  4001 | D:5      | Entered Level 5 of the Dungeon
  4001 | D:5      | Noticed Edmund
  4006 | D:5      | 4006 ||| INVOKING Berserk.
  4011 | D:5      | Killed Edmund
  4012 | D:5      | Reached skill level 5 in Fighting
  4012 | D:5      | Reached XP level 7. HP: 61/61 MP: 6/6
  4089 | D:5      | 4089 ||| Stepping ~*~*~tactically~*~*~ (stealth).
  4095 | D:5      | 4095 ||| Stepping ~*~*~tactically~*~*~ (stealth).
  4099 | D:5      | 4099 ||| INVOKING Berserk.
  4197 | D:5      | Found a runed translucent door.
  4221 | D:5      | 4221 ||| READING scroll of brand weapon.
  4221 | D:5      | 4221 ||| BRANDING +0 hand axe of flaming.
  4259 | D:5      | 4259 ||| STAIRDANCE
  4310 | D:4      | 4310 ||| DROPPING +0 whip.
  4381 | D:5      | Reached skill level 1 in Throwing
  4398 | D:5      | 4398 ||| Stepping ~*~*~tactically~*~*~ (hiding).
  4402 | D:5      | 4402 ||| Stepping ~*~*~tactically~*~*~ (hiding).
  4467 | D:5      | Reached skill level 6 in Fighting
  4516 | D:5      | Noticed qw's ghost (novice MiBe)
  4543 | D:5      | 4543 ||| Stepping ~*~*~tactically~*~*~ (stealth).
  4544 | D:5      | 4544 ||| Stepping ~*~*~tactically~*~*~ (stealth).
  4611 | D:5      | Reached XP level 8. HP: 65/70 MP: 7/7
  4708 | D:5      | Found a staircase to the Ecumenical Temple.
  4709 | D:5      | 4709 ||| Stepping ~*~*~tactically~*~*~ (hiding).
  4747 | D:5      | Found a runed translucent door.
  4748 | D:5      | 4748 ||| SWAPPING to +0 war axe.
  4749 | D:5      | 4749 ||| DROPPING +0 vorpal hand axe.
  4750 | D:5      | Noticed Crazy Yiuf
  4785 | D:5      | Noticed Ijyb
  4787 | D:5      | 4787 ||| INVOKING Berserk.
  4795 | D:5      | Killed Ijyb
  4911 | D:5      | Found a bloodstained altar of Trog.
  4912 | D:5      | 4912 ||| Stepping ~*~*~tactically~*~*~ (hiding).
  4913 | D:5      | 4913 ||| Stepping ~*~*~tactically~*~*~ (hiding).
  4971 | D:5      | 4971 ||| READING scroll labelled CONNIUG JECIPT.
  4972 | D:5      | 4972 ||| READING scroll labelled RAETHO FOWACK.
  4973 | D:5      | 4973 ||| READING scroll labelled ENNIEM MYICK.
  4993 | D:6      | 4993 ||| STAIRDANCE
  5006 | D:5      | 5006 ||| DROPPING +1 whip of flaming.
  5040 | D:6      | 5040 ||| STAIRDANCE
  5145 | D:6      | Reached **** piety under Trog
  5391 | D:6      | 5391 ||| INVOKING Berserk.
  5395 | D:6      | Reached skill level 12 in Axes
  5593 | D:6      | 5593 ||| INVOKING Berserk.
  5723 | D:6      | 5723 ||| Stepping ~*~*~tactically~*~*~ (hiding).
  5724 | D:6      | 5724 ||| Stepping ~*~*~tactically~*~*~ (hiding).
  5726 | D:6      | 5726 ||| Stepping ~*~*~tactically~*~*~ (hiding).
  5742 | D:6      | Reached skill level 7 in Fighting
  5768 | D:6      | Found Plog's Book Emporium.
  5769 | D:6      | 5769 ||| Stepping ~*~*~tactically~*~*~ (hiding).
  5770 | D:6      | 5770 ||| Stepping ~*~*~tactically~*~*~ (hiding).
  5772 | D:6      | 5772 ||| Stepping ~*~*~tactically~*~*~ (hiding).
  5773 | D:6      | 5773 ||| Stepping ~*~*~tactically~*~*~ (hiding).
  5774 | D:6      | 5774 ||| Stepping ~*~*~tactically~*~*~ (hiding).
  5803 | D:6      | Reached skill level 3 in Dodging
  5987 | D:6      | Reached XP level 9. HP: 76/79 MP: 8/8
  6291 | D:6      | 6291 ||| INVOKING Berserk.
  6515 | D:6      | 6515 ||| READING scroll labelled EKEVACR YLYMUK.
  6516 | D:6      | 6516 ||| DRINKING 2 amethyst potions.
  6517 | D:6      | 6517 ||| READING 2 scrolls of identify.
  6517 | D:6      | 6517 ||| IDENTIFYING ruby potion
  6518 | D:6      | 6518 ||| DROPPING potion of attraction.
  6553 | D:7      | Found Geqacaur's Antique Weapon Emporium.
  6555 | D:7      | 6555 ||| STAIRDANCE
  6576 | D:7      | 6576 ||| BUYING glowing war axe (143 gold).
  6576 | D:7      | Bought a glowing war axe for 143 gold pieces
  6576 | D:7      | 6576 ||| SWAPPING to +1 war axe of flaming.
  6577 | D:7      | 6577 ||| DROPPING +0 flail.
  6578 | D:7      | 6578 ||| DROPPING +1 war axe.
  6591 | D:7      | 6591 ||| Stepping ~*~*~tactically~*~*~ (stealth).
  6599 | D:7      | 6599 ||| Stepping ~*~*~tactically~*~*~ (stealth).
  6660 | D:7      | Found Zin's Purification Station.
  6663 | D:7      | Found a glowing silver altar of Zin.
  6666 | D:7      | 6666 ||| SHOPLISTING potion of curing (90 gold, have 43).
  6695 | D:7      | Reached skill level 3 in Armour
  6949 | D:7      | 6949 ||| Stepping ~*~*~tactically~*~*~ (stealth).
  6951 | D:7      | 6951 ||| Stepping ~*~*~tactically~*~*~ (hiding).
  6960 | D:7      | 6960 ||| INVOKING Berserk.
  7148 | D:7      | Found an opulent altar of Gozag.
  7211 | D:7      | Reached skill level 8 in Fighting
  7509 | D:7      | 7509 ||| DROPPING +0 scale mail.
  7510 | D:7      | 7510 ||| UPGRADING to +0 chain mail.
  7520 | D:7      | 7520 ||| UPGRADING to +0 cloak.
  7525 | D:7      | 7525 ||| READING scroll labelled GETTUP VAILINU.
  7526 | D:7      | 7526 ||| READING scroll labelled VUFUAXKOQAA.
  7527 | D:7      | 7527 ||| READING 4 scrolls of identify.
  7527 | D:7      | 7527 ||| IDENTIFYING glowing amethyst potion
  7528 | D:7      | 7528 ||| DROPPING potion of berserk rage.
  7603 | D:8      | 7603 ||| Stepping ~*~*~tactically~*~*~ (stealth).
  7606 | D:8      | 7606 ||| Stepping ~*~*~tactically~*~*~ (stealth).
  7636 | D:8      | Found a transporter.
  7636 | D:8      | Noticed qw's ghost (novice MiFi)
  7640 | D:8      | Found a transporter.
  7675 | D:8      | 7675 ||| Stepping ~*~*~tactically~*~*~ (hiding).
  7676 | D:8      | 7676 ||| INVOKING Berserk.
  7750 | D:8      | 7750 ||| FLEEEEING.
  7758 | D:8      | 7758 ||| INVOKING Berserk.
  7811 | D:8      | Found a blossoming altar of Fedhas.
  7814 | D:8      | Found a hazy altar of Hepliaklqana.
  7819 | D:8      | 7819 ||| READING scroll of brand weapon.
  7819 | D:8      | 7819 ||| BRANDING +1 war axe of flaming.
  7887 | D:8      | Reached skill level 6 in Armour
  7891 | D:8      | Reached XP level 10. HP: 81/88 MP: 9/9
  7922 | D:8      | Reached skill level 15 in Axes
  8134 | D:8      | 8134 ||| DROPPING +1 whip of holy wrath.
  8160 | D:8      | Noticed Joseph
  8161 | D:8      | 8161 ||| Stepping ~*~*~tactically~*~*~ (hiding).
  8172 | D:8      | Killed Joseph
  8316 | D:8      | 8316 ||| Stepping ~*~*~tactically~*~*~ (stealth).
  8386 | D:8      | 8386 ||| Stepping ~*~*~tactically~*~*~ (stealth).
  8388 | D:8      | 8388 ||| Stepping ~*~*~tactically~*~*~ (hiding).
  8400 | D:8      | Reached skill level 9 in Fighting
  8403 | D:8      | 8403 ||| Stepping ~*~*~tactically~*~*~ (stealth).
  8475 | D:8      | 8475 ||| Stepping ~*~*~tactically~*~*~ (cloud).
  8477 | D:8      | 8477 ||| Stepping ~*~*~tactically~*~*~ (cloud).
  8479 | D:8      | 8479 ||| Stepping ~*~*~tactically~*~*~ (hiding).
  8482 | D:8      | 8482 ||| INVOKING Berserk.
  8966 | D:9      | 8966 ||| STAIRDANCE
  9013 | D:9      | Found a snail-covered altar of Cheibriados.
  9014 | D:9      | 9014 ||| Stepping ~*~*~tactically~*~*~ (hiding).
  9074 | D:9      | Reached ***** piety under Trog
  9153 | D:9      | 9153 ||| Stepping ~*~*~tactically~*~*~ (stealth).
  9159 | D:9      | 9159 ||| Stepping ~*~*~tactically~*~*~ (hiding).
  9162 | D:9      | 9162 ||| Stepping ~*~*~tactically~*~*~ (stealth).
  9201 | D:9      | 9201 ||| READING scroll of enchant weapon.
  9201 | D:9      | 9201 ||| ENCHANTING +1 vampiric war axe.
  9272 | D:9      | Found a basalt altar of Yredelemnul.
  9355 | D:9      | Received a gift from Trog
  9383 | D:9      | 9383 ||| INVOKING Berserk.
  9532 | D:9      | Noticed Erolcha
  9542 | D:9      | Reached skill level 10 in Fighting
  9559 | D:9      | Killed Erolcha
  9716 | D:9      | Noticed a centaur warrior
  9717 | D:9      | 9717 ||| Stepping ~*~*~tactically~*~*~ (hiding).
  9719 | D:9      | Noticed a catoblepas
  9720 | D:9      | Noticed a gargoyle
  9723 | D:9      | Killed a centaur warrior
  9724 | D:9      | Reached XP level 11. HP: 99/99 MP: 10/10
  9725 | D:9      | 9725 ||| INVOKING Brothers in Arms.
  9726 | D:9      | Noticed a green ugly thing
  9727 | D:9      | Killed a green ugly thing
  9729 | D:9      | 9729 ||| INVOKING Berserk.
  9730 | D:9      | Killed a catoblepas
 10019 | D:9      | 10019 ||| READING scroll labelled IGILUC JURESU.
 10036 | D:10     | Entered Level 10 of the Dungeon
 10040 | D:10     | 10040 ||| INVOKING Berserk.
 10364 | D:10     | Reached skill level 11 in Fighting
 10396 | D:10     | Reached skill level 9 in Armour
 10406 | D:10     | 10406 ||| FLEEEEING.
 10407 | D:10     | 10407 ||| FLEEEEING.
 10408 | D:10     | 10408 ||| FLEEEEING.
 10410 | D:10     | 10410 ||| FLEEEEING.
 10411 | D:10     | 10411 ||| FLEEEEING.
 10412 | D:10     | 10412 ||| FLEEEEING.
 10414 | D:10     | 10414 ||| FLEEEEING.
 10415 | D:10     | 10415 ||| FLEEEEING.
 10416 | D:10     | 10416 ||| FLEEEEING.
 10550 | D:10     | Noticed a two-headed ogre
 10551 | D:10     | 10551 ||| Stepping ~*~*~tactically~*~*~ (stealth).
 10556 | D:10     | 10556 ||| INVOKING Berserk.
 10561 | D:10     | Killed a two-headed ogre
 10769 | D:10     | Found an iron altar of Okawaru.
 10927 | D:10     | 10927 ||| Stepping ~*~*~tactically~*~*~ (hiding).
 10933 | D:10     | 10933 ||| Stepping ~*~*~tactically~*~*~ (stealth).
 10946 | D:10     | Reached skill level 12 in Fighting
 10955 | D:10     | 10955 ||| INVOKING Berserk.
 11094 | D:10     | 11094 ||| UPGRADING to +0 plate armour.
 11104 | D:10     | 11104 ||| DROPPING +0 chain mail.
 11105 | D:10     | 11105 ||| DROPPING +1 ring mail of fire resistance.
 11106 | D:10     | 11106 ||| UPGRADING to amulet of the acrobat.
 11150 | D:11     | Found a staircase to the Orcish Mines.
 11164 | D:11     | 11164 ||| Stepping ~*~*~tactically~*~*~ (hiding).
 11170 | D:11     | 11170 ||| INVOKING Berserk.
 11372 | D:11     | Noticed a two-headed ogre
 11376 | D:11     | 11376 ||| INVOKING Berserk.
 11381 | D:11     | Killed a two-headed ogre
 11641 | D:11     | Noticed a two-headed ogre
 11642 | D:11     | 11642 ||| Stepping ~*~*~tactically~*~*~ (stealth).
 11644 | D:11     | 11644 ||| INVOKING Berserk.
 11648 | D:11     | Killed a two-headed ogre
 11906 | D:11     | Reached XP level 12. HP: 113/113 MP: 11/11
 11907 | D:11     | Found a staircase to the Lair.
 12015 | D:11     | 12015 ||| Stepping ~*~*~tactically~*~*~ (hiding).
 12031 | D:11     | Reached skill level 13 in Fighting
 12123 | D:11     | 12123 ||| INVOKING Berserk.
 12445 | D:11     | 12445 ||| PLANNING LAIR
 12453 | Lair:1   | Entered Level 1 of the Lair of Beasts
 12457 | Lair:1   | 12457 ||| Stepping ~*~*~tactically~*~*~ (stealth).
 12469 | Lair:1   | Reached skill level 12 in Armour
 12481 | Lair:1   | Reached skill level 3 in Throwing
 12569 | Lair:1   | 12569 ||| INVOKING Berserk.
 12577 | Lair:1   | 12577 ||| INVOKING Brothers in Arms.
 12591 | Lair:1   | Reached skill level 14 in Fighting
 12741 | Lair:1   | Noticed Gastronok
 12742 | Lair:1   | 12742 ||| Stepping ~*~*~tactically~*~*~ (hiding).
 12743 | Lair:1   | 12743 ||| Stepping ~*~*~tactically~*~*~ (hiding).
 12750 | Lair:1   | 12750 ||| INVOKING Berserk.
 12760 | Lair:1   | Killed Gastronok
 12892 | Lair:1   | Noticed a four-headed hydra
 12893 | Lair:1   | 12893 ||| INVOKING Brothers in Arms.
 12896 | Lair:1   | 12896 ||| SWAPPING to +2 morningstar of freezing.
 12897 | Lair:1   | 12897 ||| INVOKING Berserk.
 12901 | Lair:1   | Killed a four-headed hydra
 12910 | Lair:1   | 12910 ||| SWAPPING to +2 vampiric war axe.
 13507 | Lair:1   | 13507 ||| UPGRADING to +2 hat.
 13512 | Lair:1   | 13512 ||| UPGRADING to scarf of resistance.
 13522 | Lair:1   | 13522 ||| READING 9 scrolls of identify.
 13522 | Lair:1   | 13522 ||| IDENTIFYING grey potion
 13523 | Lair:1   | 13523 ||| DROPPING potion of degeneration.
 13548 | Lair:2   | Noticed a seven-headed hydra
 13549 | Lair:2   | 13549 ||| INVOKING Brothers in Arms.
 13550 | Lair:2   | 13550 ||| SWAPPING to +2 morningstar of freezing.
 13551 | Lair:2   | 13551 ||| INVOKING Berserk.
 13554 | Lair:2   | Killed a seven-headed hydra
 13572 | Lair:2   | 13572 ||| SWAPPING to +2 vampiric war axe.
 13685 | Lair:2   | 13685 ||| INVOKING Berserk.
 13688 | Lair:2   | Reached skill level 15 in Fighting
 13812 | Lair:2   | 13812 ||| Stepping ~*~*~tactically~*~*~ (stealth).
 13816 | Lair:2   | 13816 ||| Stepping ~*~*~tactically~*~*~ (stealth).
 13820 | Lair:2   | 13820 ||| Stepping ~*~*~tactically~*~*~ (stealth).
 13836 | Lair:2   | 13836 ||| FLEEEEING.
 13837 | Lair:2   | 13837 ||| FLEEEEING.
 13838 | Lair:2   | 13838 ||| FLEEEEING.
 13839 | Lair:2   | 13839 ||| FLEEEEING.
 13840 | Lair:2   | 13840 ||| FLEEEEING.
 13841 | Lair:2   | 13841 ||| FLEEEEING.
 13842 | Lair:2   | 13842 ||| FLEEEEING.
 13843 | Lair:2   | 13843 ||| FLEEEEING.
 13849 | Lair:2   | 13849 ||| INVOKING Berserk.
 13999 | Lair:2   | 13999 ||| Stepping ~*~*~tactically~*~*~ (stealth).
 14002 | Lair:2   | 14002 ||| Stepping ~*~*~tactically~*~*~ (stealth).
 14005 | Lair:2   | 14005 ||| Stepping ~*~*~tactically~*~*~ (stealth).
 14020 | Lair:2   | Reached skill level 6 in Dodging
 14025 | Lair:2   | 14025 ||| INVOKING Berserk.
 14033 | Lair:2   | Reached XP level 13. HP: 127/127 MP: 12/12
 14145 | Lair:2   | 14145 ||| Stepping ~*~*~tactically~*~*~ (stealth).
 14146 | Lair:2   | 14146 ||| Stepping ~*~*~tactically~*~*~ (stealth).
 14149 | Lair:2   | 14149 ||| Stepping ~*~*~tactically~*~*~ (stealth).
 14150 | Lair:2   | 14150 ||| Stepping ~*~*~tactically~*~*~ (stealth).
 14152 | Lair:2   | 14152 ||| Stepping ~*~*~tactically~*~*~ (stealth).
 14153 | Lair:2   | 14153 ||| Stepping ~*~*~tactically~*~*~ (stealth).
 14745 | Lair:3   | 14745 ||| STAIRDANCE
 14759 | Lair:3   | 14759 ||| STAIRDANCE
 14760 | Lair:3   | 14760 ||| STAIRDANCE
 14764 | Lair:2   | Reached skill level 16 in Fighting
 14798 | Lair:3   | 14798 ||| Stepping ~*~*~tactically~*~*~ (stealth).
 14799 | Lair:3   | 14799 ||| Stepping ~*~*~tactically~*~*~ (stealth).
 14800 | Lair:3   | 14800 ||| Stepping ~*~*~tactically~*~*~ (stealth).
 14801 | Lair:3   | 14801 ||| Stepping ~*~*~tactically~*~*~ (stealth).
 14838 | Lair:3   | 14838 ||| Stepping ~*~*~tactically~*~*~ (stealth).
 14917 | Lair:3   | 14917 ||| FLEEEEING.
 14918 | Lair:3   | 14918 ||| FLEEEEING.
 14919 | Lair:3   | 14919 ||| FLEEEEING.
 14920 | Lair:3   | 14920 ||| FLEEEEING.
 14921 | Lair:3   | 14921 ||| FLEEEEING.
 14922 | Lair:3   | 14922 ||| FLEEEEING.
 14923 | Lair:3   | 14923 ||| FLEEEEING.
 14924 | Lair:3   | 14924 ||| FLEEEEING.
 14925 | Lair:3   | 14925 ||| FLEEEEING.
 14926 | Lair:3   | 14926 ||| FLEEEEING.
 14927 | Lair:3   | 14927 ||| FLEEEEING.
 14928 | Lair:3   | 14928 ||| FLEEEEING.
 15088 | Lair:3   | Found a staircase to the Snake Pit.
 15197 | Lair:3   | 15197 ||| INVOKING Berserk.
 15332 | Lair:3   | Found a staircase to the Swamp.
 15383 | Lair:3   | 15383 ||| INVOKING Berserk.
 15553 | Lair:3   | Reached skill level 17 in Fighting
 15616 | Lair:3   | 15616 ||| Stepping ~*~*~tactically~*~*~ (stealth).
 15617 | Lair:3   | 15617 ||| Stepping ~*~*~tactically~*~*~ (stealth).
 15618 | Lair:3   | 15618 ||| Stepping ~*~*~tactically~*~*~ (stealth).
 15619 | Lair:3   | 15619 ||| Stepping ~*~*~tactically~*~*~ (stealth).
 15620 | Lair:3   | 15620 ||| INVOKING Berserk.
 16021 | Lair:3   | 16021 ||| UPGRADING to +0 buckler.
 16026 | Lair:3   | 16026 ||| READING 8 scrolls of identify.
 16026 | Lair:3   | 16026 ||| IDENTIFYING sapphire potion
 16027 | Lair:3   | 16027 ||| DROPPING potion of brilliance.
 16050 | Lair:4   | 16050 ||| INVOKING Brothers in Arms.
 16051 | Lair:4   | 16051 ||| INVOKING Brothers in Arms.
 16052 | Lair:4   | 16052 ||| INVOKING Brothers in Arms.
 16053 | Lair:4   | 16053 ||| SWAPPING to +2 morningstar of freezing.
 16054 | Lair:4   | 16054 ||| INVOKING Berserk.
 16069 | Lair:4   | 16069 ||| SWAPPING to +2 vampiric war axe.
 16158 | Lair:4   | 16158 ||| Stepping ~*~*~tactically~*~*~ (stealth).
 16172 | Lair:4   | 16172 ||| Stepping ~*~*~tactically~*~*~ (stealth).
 16178 | Lair:4   | Reached skill level 3 in Shields
 16178 | Lair:4   | 16178 ||| Stepping ~*~*~tactically~*~*~ (stealth).
 16179 | Lair:4   | 16179 ||| Stepping ~*~*~tactically~*~*~ (stealth).
 16278 | Lair:4   | 16278 ||| Stepping ~*~*~tactically~*~*~ (hiding).
 16404 | Lair:4   | 16404 ||| Stepping ~*~*~tactically~*~*~ (stealth).
 16560 | Lair:4   | 16560 ||| INVOKING Berserk.
 16689 | Lair:4   | Reached skill level 6 in Shields
 16770 | Lair:4   | Found a staircase to the Slime Pits.
 16808 | Lair:4   | 16808 ||| Stepping ~*~*~tactically~*~*~ (stealth).
 16810 | Lair:4   | 16810 ||| INVOKING Berserk.
 16953 | Lair:4   | 16953 ||| Stepping ~*~*~tactically~*~*~ (stealth).
 16956 | Lair:4   | 16956 ||| Stepping ~*~*~tactically~*~*~ (stealth).
 17030 | Lair:4   | 17030 ||| INVOKING Brothers in Arms.
 17031 | Lair:4   | 17031 ||| SWAPPING to +2 morningstar of freezing.
 17032 | Lair:4   | 17032 ||| INVOKING Berserk.
 17057 | Lair:4   | 17057 ||| SWAPPING to +2 vampiric war axe.
 17245 | Lair:4   | 17245 ||| INVOKING Berserk.
 17254 | Lair:4   | Reached XP level 14. HP: 140/140 MP: 13/13
 17435 | Lair:4   | 17435 ||| INVOKING Berserk.
 17803 | Lair:5   | Entered Level 5 of the Lair of Beasts
 17804 | Lair:5   | 17804 ||| INVOKING Berserk.
 17817 | Lair:5   | 17817 ||| STAIRDANCE
 17820 | Lair:4   | Reached skill level 9 in Shields
 18066 | Lair:5   | 18066 ||| STAIRDANCE
 18077 | Lair:4   | 18077 ||| INVOKING Berserk.
 18138 | Lair:5   | 18138 ||| STAIRDANCE
 18148 | Lair:4   | 18148 ||| INVOKING Berserk.
 18284 | Lair:5   | 18284 ||| STAIRDANCE
 18289 | Lair:5   | 18289 ||| Stepping ~*~*~tactically~*~*~ (cloud).
 18290 | Lair:5   | 18290 ||| INVOKING Brothers in Arms.
 18291 | Lair:5   | 18291 ||| INVOKING Brothers in Arms.
 18292 | Lair:5   | 18292 ||| INVOKING Berserk.
 18413 | Lair:5   | 18413 ||| Stepping ~*~*~tactically~*~*~ (stealth).
 18436 | Lair:5   | 18436 ||| FLEEEEING.
 18717 | Lair:5   | 18717 ||| INVOKING Brothers in Arms.
 18718 | Lair:5   | 18718 ||| INVOKING Brothers in Arms.
 18719 | Lair:5   | 18719 ||| SWAPPING to +2 morningstar of freezing.
 18720 | Lair:5   | 18720 ||| INVOKING Berserk.
 18726 | Lair:5   | 18726 ||| SWAPPING to +2 vampiric war axe.
 18870 | Lair:5   | 18870 ||| INVOKING Berserk.
 19033 | Lair:5   | 19033 ||| INVOKING Berserk.
 19037 | Lair:5   | Reached skill level 6 in Throwing
 19045 | Lair:5   | Reached skill level 18 in Fighting
 19096 | Lair:5   | 19096 ||| INVOKING Berserk.
 19170 | Lair:5   | 19170 ||| INVOKING Berserk.
 19186 | Lair:5   | 19186 ||| Stepping ~*~*~tactically~*~*~ (stealth).
 19351 | Lair:5   | 19351 ||| Stepping ~*~*~tactically~*~*~ (stealth).
 19378 | Lair:5   | 19378 ||| INVOKING Berserk.
 19738 | Lair:5   | Reached skill level 15 in Armour
 19738 | Lair:5   | 19738 ||| INVOKING Berserk.
 19855 | Lair:5   | Identified the +2 plate armour of Bistrue {Rampage}
 19857 | Lair:5   | Identified the +3 spear of Xix Woamp {vorpal, rC+ Int+6}
 19925 | Lair:5   | 19925 ||| INVOKING Brothers in Arms.
 19926 | Lair:5   | 19926 ||| INVOKING Brothers in Arms.
 19928 | Lair:5   | 19928 ||| SWAPPING to +2 morningstar of freezing.
 19929 | Lair:5   | 19929 ||| INVOKING Berserk.
 19935 | Lair:5   | 19935 ||| SWAPPING to +2 vampiric war axe.
 20082 | Lair:5   | 20082 ||| PLANNING D
 20082 | Lair:5   | 20082 ||| UPGRADING to +2 plate armour of Bistrue
                  | {Rampage}.
 20092 | Lair:5   | 20092 ||| DROPPING +0 plate armour.
 20097 | Lair:5   | 20097 ||| Stepping ~*~*~tactically~*~*~ (stealth).
 20230 | D:12     | 20230 ||| Stepping ~*~*~tactically~*~*~ (stealth).
 20243 | D:12     | Noticed Josephine
 20245 | D:12     | 20245 ||| Stepping ~*~*~tactically~*~*~ (hiding).
 20249 | D:12     | 20249 ||| Stepping ~*~*~tactically~*~*~ (stealth).
 20261 | D:12     | Killed Josephine
 20273 | D:12     | 20273 ||| FLEEEEING.
 20274 | D:12     | 20274 ||| FLEEEEING.
 20275 | D:12     | 20275 ||| FLEEEEING.
 20276 | D:12     | 20276 ||| FLEEEEING.
 20277 | D:12     | 20277 ||| FLEEEEING.
 20278 | D:12     | 20278 ||| FLEEEEING.
 20280 | D:12     | 20280 ||| FLEEEEING.
 20281 | D:12     | 20281 ||| FLEEEEING.
 20282 | D:12     | 20282 ||| FLEEEEING.
 20283 | D:12     | 20283 ||| FLEEEEING.
 20284 | D:12     | 20284 ||| FLEEEEING.
 20285 | D:12     | 20285 ||| FLEEEEING.
 20286 | D:12     | 20286 ||| STAIRDANCE
 20298 | D:11     | 20298 ||| FLEEEEING.
 20299 | D:11     | 20299 ||| FLEEEEING.
 20524 | D:12     | Noticed Snorg
 20526 | D:12     | 20526 ||| INVOKING Brothers in Arms.
 20527 | D:12     | 20527 ||| INVOKING Brothers in Arms.
 20528 | D:12     | 20528 ||| INVOKING Berserk.
 20533 | D:12     | Killed Snorg
 20534 | D:12     | Reached XP level 15. HP: 148/148 MP: 14/14
 20775 | D:12     | 20775 ||| SWAPPING to +2 morningstar of freezing.
 20776 | D:12     | 20776 ||| INVOKING Berserk.
 20808 | D:12     | 20808 ||| SWAPPING to +2 vampiric war axe.
 20971 | D:12     | 20971 ||| Stepping ~*~*~tactically~*~*~ (stealth).
 20985 | D:12     | 20985 ||| Stepping ~*~*~tactically~*~*~ (stealth).
 20996 | D:12     | 20996 ||| Stepping ~*~*~tactically~*~*~ (stealth).
 21155 | D:12     | Noticed Lodul
 21156 | D:12     | 21156 ||| Stepping ~*~*~tactically~*~*~ (stealth).
 21160 | D:12     | 21160 ||| Stepping ~*~*~tactically~*~*~ (stealth).
 21178 | D:12     | 21178 ||| Stepping ~*~*~tactically~*~*~ (stealth).
 21245 | D:12     | Identified the +0 robe "Udirar" {Int+2}
 21397 | D:12     | 21397 ||| Stepping ~*~*~tactically~*~*~ (stealth).
 21399 | D:12     | 21399 ||| Stepping ~*~*~tactically~*~*~ (hiding).
 21400 | D:12     | 21400 ||| Stepping ~*~*~tactically~*~*~ (hiding).
 21403 | D:12     | 21403 ||| INVOKING Berserk.
 21408 | D:12     | Killed Lodul
 21409 | D:12     | Reached skill level 19 in Fighting
 21626 | D:12     | Found a snail-covered altar of Cheibriados.
 21641 | D:12     | 21641 ||| READING 10 scrolls of teleportation.
 21974 | D:13     | 21974 ||| STAIRDANCE
 21985 | D:13     | 21985 ||| STAIRDANCE
 22008 | D:13     | 22008 ||| STAIRDANCE
 22016 | D:12     | 22016 ||| INVOKING Berserk.
 22320 | D:12     | 22320 ||| DROPPING +2 morningstar of freezing.
 22324 | D:13     | 22324 ||| STAIRDANCE
 22335 | D:13     | 22335 ||| INVOKING Berserk.
 22357 | D:13     | 22357 ||| STAIRDANCE
 22474 | D:13     | 22474 ||| INVOKING Berserk.
 22606 | D:13     | 22606 ||| READING scroll of enchant armour.
 22606 | D:13     | 22606 ||| ENCHANTING +1 pair of boots.
 22620 | D:13     | Noticed a fire giant
 22622 | D:13     | 22622 ||| Stepping ~*~*~tactically~*~*~ (hiding).
 22624 | D:13     | 22624 ||| Stepping ~*~*~tactically~*~*~ (hiding).
 22632 | D:13     | Killed a fire giant
 22657 | D:13     | 22657 ||| FLEEEEING.
 22673 | D:13     | 22673 ||| FLEEEEING.
 22677 | D:13     | 22677 ||| FLEEEEING.
 22678 | D:13     | 22678 ||| FLEEEEING.
 22679 | D:13     | 22679 ||| FLEEEEING.
 22680 | D:13     | 22680 ||| STAIRDANCE
 23020 | D:13     | 23020 ||| SWAPPING to +4 broad axe of flaming.
 23025 | D:13     | 23025 ||| SWAPPING to +2 vampiric war axe.
 23080 | D:13     | 23080 ||| INVOKING Berserk.
 23237 | D:13     | 23237 ||| Stepping ~*~*~tactically~*~*~ (hiding).
 23407 | D:13     | 23407 ||| Stepping ~*~*~tactically~*~*~ (hiding).
 23794 | D:13     | 23794 ||| READING 13 scrolls of identify.
 23794 | D:13     | 23794 ||| IDENTIFYING fuming grey potion
 23795 | D:13     | 23795 ||| DROPPING potion of invisibility.
 23817 | D:14     | 23817 ||| Stepping ~*~*~tactically~*~*~ (stealth).
 23860 | D:14     | 23860 ||| INVOKING Berserk.
 23862 | D:14     | Reached skill level 12 in Shields
 24144 | D:14     | Found a gate to the Vaults.
 24155 | D:14     | Found Denufass's Magic Scroll Shoppe.
 24161 | D:14     | 24161 ||| INVOKING Brothers in Arms.
 24162 | D:14     | 24162 ||| INVOKING Brothers in Arms.
 24163 | D:14     | 24163 ||| SWAPPING to +4 broad axe of flaming.
 24165 | D:14     | 24165 ||| SWAPPING to +2 vampiric war axe.
 24239 | D:14     | 24239 ||| BUYING scroll of enchant armour (112 gold).
 24239 | D:14     | Bought a scroll of enchant armour for 112 gold pieces
 24239 | D:14     | 24239 ||| BUYING scroll of enchant armour (112 gold).
 24239 | D:14     | Bought a scroll of enchant armour for 112 gold pieces
 24239 | D:14     | 24239 ||| BUYING scroll of enchant weapon (112 gold).
 24239 | D:14     | Bought a scroll of enchant weapon for 112 gold pieces
 24239 | D:14     | 24239 ||| READING scroll of enchant weapon.
 24239 | D:14     | 24239 ||| ENCHANTING +2 vampiric war axe.
 24240 | D:14     | 24240 ||| Stepping ~*~*~tactically~*~*~ (stealth).
 24243 | D:14     | 24243 ||| Stepping ~*~*~tactically~*~*~ (stealth).
 24245 | D:14     | 24245 ||| Stepping ~*~*~tactically~*~*~ (stealth).
 24247 | D:14     | 24247 ||| Stepping ~*~*~tactically~*~*~ (hiding).
 24250 | D:14     | Found a shadowy altar of Dithmenos.
 24328 | D:14     | 24328 ||| Stepping ~*~*~tactically~*~*~ (stealth).
 24331 | D:14     | 24331 ||| Stepping ~*~*~tactically~*~*~ (stealth).
 24333 | D:14     | 24333 ||| Stepping ~*~*~tactically~*~*~ (stealth).
 24336 | D:14     | 24336 ||| Stepping ~*~*~tactically~*~*~ (cloud).
 24340 | D:14     | 24340 ||| INVOKING Berserk.
 24371 | D:14     | 24371 ||| Stepping ~*~*~tactically~*~*~ (hiding).
 24510 | D:14     | You fall into a shaft and drop 1 floor!
 24510 | D:15     | Entered Level 15 of the Dungeon
 24511 | D:15     | 24511 ||| PLANNING GAUNTLET
 24630 | D:15     | 24630 ||| Stepping ~*~*~tactically~*~*~ (stealth).
 24632 | D:15     | 24632 ||| Stepping ~*~*~tactically~*~*~ (stealth).
 24634 | D:15     | 24634 ||| Stepping ~*~*~tactically~*~*~ (hiding).
 24641 | D:15     | 24641 ||| INVOKING Berserk.
 24654 | D:15     | Reached skill level 20 in Fighting
 24697 | D:15     | 24697 ||| Stepping ~*~*~tactically~*~*~ (stealth).
 24699 | D:15     | 24699 ||| Stepping ~*~*~tactically~*~*~ (hiding).
 24700 | D:15     | 24700 ||| Stepping ~*~*~tactically~*~*~ (hiding).
 24912 | D:15     | 24912 ||| INVOKING Trog's Hand.
 24941 | D:15     | 24941 ||| Stepping ~*~*~tactically~*~*~ (hiding).
 24942 | D:15     | 24942 ||| Stepping ~*~*~tactically~*~*~ (hiding).
 24994 | D:15     | 24994 ||| RIP GAUNTLET
 25016 | D:15     | 25016 ||| PLANNING D
 25016 | D:15     | 25016 ||| UPGRADING to +0 kite shield.
 25026 | D:15     | 25026 ||| DROPPING +0 buckler.
 25027 | D:15     | 25027 ||| READING 12 scrolls of identify.
 25027 | D:15     | 25027 ||| IDENTIFYING lumpy green potion
 25028 | D:15     | 25028 ||| DROPPING potion of ambrosia.
 25362 | D:15     | Noticed Agnes
 25363 | D:15     | 25363 ||| INVOKING Brothers in Arms.
 25365 | D:15     | 25365 ||| INVOKING Berserk.
 25368 | D:15     | Killed Agnes
 25681 | D:15     | Found a runed translucent door.
 25867 | D:15     | 25867 ||| Stepping ~*~*~tactically~*~*~ (stealth).
 25871 | D:15     | 25871 ||| Stepping ~*~*~tactically~*~*~ (stealth).
 25876 | D:15     | 25876 ||| Stepping ~*~*~tactically~*~*~ (stealth).
 25881 | D:15     | 25881 ||| INVOKING Berserk.
 25887 | D:15     | Reached XP level 16. HP: 162/162 MP: 15/15
 26012 | D:15     | 26012 ||| Stepping ~*~*~tactically~*~*~ (hiding).
 26013 | D:15     | 26013 ||| Stepping ~*~*~tactically~*~*~ (hiding).
 26015 | D:15     | 26015 ||| INVOKING Trog's Hand.
 26036 | D:15     | Found a staircase to the Depths.
 26213 | D:15     | 26213 ||| PLANNING ORC
 26213 | D:15     | 26213 ||| READING 12 scrolls of identify.
 26213 | D:15     | 26213 ||| IDENTIFYING coppery potion
 26214 | D:15     | 26214 ||| DROPPING potion of magic.
 26326 | Orc:1    | Entered Level 1 of the Orcish Mines
 26327 | Orc:1    | 26327 ||| Stepping ~*~*~tactically~*~*~ (hiding).
 26393 | Orc:1    | 26393 ||| Stepping ~*~*~tactically~*~*~ (stealth).
 26395 | Orc:1    | 26395 ||| Stepping ~*~*~tactically~*~*~ (hiding).
 26416 | Orc:1    | 26416 ||| Stepping ~*~*~tactically~*~*~ (stealth).
 26417 | Orc:1    | 26417 ||| Stepping ~*~*~tactically~*~*~ (stealth).
 26418 | Orc:1    | 26418 ||| Stepping ~*~*~tactically~*~*~ (stealth).
 26432 | Orc:1    | Received a gift from Trog
 26435 | Orc:1    | 26435 ||| Stepping ~*~*~tactically~*~*~ (stealth).
 26437 | Orc:1    | 26437 ||| Stepping ~*~*~tactically~*~*~ (hiding).
 26439 | Orc:1    | 26439 ||| Stepping ~*~*~tactically~*~*~ (hiding).
 26440 | Orc:1    | 26440 ||| Stepping ~*~*~tactically~*~*~ (hiding).
 26514 | Orc:1    | 26514 ||| Stepping ~*~*~tactically~*~*~ (hiding).
 26517 | Orc:1    | 26517 ||| Stepping ~*~*~tactically~*~*~ (hiding).
 26520 | Orc:1    | 26520 ||| INVOKING Berserk.
 26542 | Orc:1    | 26542 ||| INVOKING Brothers in Arms.
 26770 | Orc:1    | 26770 ||| Stepping ~*~*~tactically~*~*~ (hiding).
 26796 | Orc:1    | 26796 ||| Stepping ~*~*~tactically~*~*~ (stealth).
 26806 | Orc:1    | 26806 ||| Stepping ~*~*~tactically~*~*~ (stealth).
 26807 | Orc:1    | 26807 ||| Stepping ~*~*~tactically~*~*~ (stealth).
 26808 | Orc:1    | 26808 ||| Stepping ~*~*~tactically~*~*~ (stealth).
 26809 | Orc:1    | 26809 ||| Stepping ~*~*~tactically~*~*~ (stealth).
 26997 | Orc:2    | Entered Level 2 of the Orcish Mines
 27034 | Orc:2    | 27034 ||| Stepping ~*~*~tactically~*~*~ (hiding).
 27046 | Orc:2    | 27046 ||| Stepping ~*~*~tactically~*~*~ (stealth).
 27063 | Orc:2    | Found a staircase to the Elven Halls.
 27208 | Orc:2    | 27208 ||| Stepping ~*~*~tactically~*~*~ (stealth).
 27210 | Orc:2    | 27210 ||| Stepping ~*~*~tactically~*~*~ (hiding).
 27323 | Orc:2    | Found a runed translucent gate.
 27323 | Orc:2    | Found a runed translucent gate.
 27323 | Orc:2    | Found a runed translucent gate.
 27324 | Orc:2    | Noticed qw's ghost (adept GrBe)
 27376 | Orc:2    | 27376 ||| Stepping ~*~*~tactically~*~*~ (stealth).
 27378 | Orc:2    | 27378 ||| Stepping ~*~*~tactically~*~*~ (stealth).
 27379 | Orc:2    | 27379 ||| Stepping ~*~*~tactically~*~*~ (stealth).
 27387 | Orc:2    | 27387 ||| Stepping ~*~*~tactically~*~*~ (stealth).
 27415 | Orc:2    | 27415 ||| INVOKING Berserk.
 27644 | Orc:2    | 27644 ||| Stepping ~*~*~tactically~*~*~ (stealth).
 27645 | Orc:2    | 27645 ||| Stepping ~*~*~tactically~*~*~ (stealth).
 27646 | Orc:2    | 27646 ||| Stepping ~*~*~tactically~*~*~ (hiding).
 27648 | Orc:2    | 27648 ||| Stepping ~*~*~tactically~*~*~ (hiding).
 27649 | Orc:2    | 27649 ||| Stepping ~*~*~tactically~*~*~ (hiding).
 27680 | Orc:2    | 27680 ||| Stepping ~*~*~tactically~*~*~ (stealth).
 27681 | Orc:2    | 27681 ||| INVOKING Berserk.
 27683 | Orc:2    | Noticed Maurice
 27709 | Orc:2    | 27709 ||| INVOKING Brothers in Arms.
 27720 | Orc:2    | HP: 38/153 [soul eater[an orc high priest] (3)]
 27721 | Orc:2    | 27721 ||| READING 12 scrolls of teleportation.
 27722 | Orc:2    | 27722 ||| DRINKING 3 potions of heal wounds.
 27724 | Orc:2    | 27724 ||| DRINKING 2 potions of heal wounds.
 27724 | Orc:2    | Found Ilaufest's Assorted Antiques.
 27724 | Orc:2    | Found Nalyast's Weapon Shop.
 27724 | Orc:2    | Found Puppu's General Store.
 27724 | Orc:2    | Found Ilitedab's Antique Armour Boutique.
 27732 | Orc:2    | 27732 ||| Stepping ~*~*~tactically~*~*~ (hiding).
 27735 | Orc:2    | 27735 ||| INVOKING Brothers in Arms.
 27736 | Orc:2    | HP: 37/151 [sun demon[an orc high priest] (7)]
 27737 | Orc:2    | 27737 ||| READING 11 scrolls of teleportation.
 27738 | Orc:2    | 27738 ||| DRINKING potion of heal wounds.
 27739 | Orc:2    | HP: 15/151 [sun demon[an orc high priest] (6)]
 27740 | Orc:2    | Mangled by a sun demon

Levels and vault maps discovered:
D:1:      kilobyte_arrival_exit_the_forest, layout_loops_ring,
          shapermc_ecumenical_altar_venn, minmay_small_reverse_x
D:2:      minmay_diamond_boxcup, layout_rooms, basic_altar, minmay_tripent
D:3:      layout_rooms, gammafunk_temple_overflow_elements, lemuel_tele_altar,
          amcnicky_altar_gilded
D:4:      layout_rooms, gup_sewer_entry_pipe, serial_shops, shop, uniq_robin
D:5:      kennysheep_slugbush, layout_rooms, lightli_temple_of_fire,
          minmay_temple_entry_mist, hellmonk_ghost_happy_afterlife,
          minmay_misc_feat_alley, uniq_ijyb, uniq_crazy_yiuf_cottage,
          uniq_edmund
D:6:      layout_cave_pods, serial_shops, shop
D:7:      layout_gridville, grunt_gozag_breadcrumbs, zin_purify, serial_shops,
          shop, kennysheep_dice
D:8:      layout_basic, nicolae_overflow_squiral, gammafunk_ghost_arena,
          uniq_joseph
D:9:      minmay_bloctagon_deflated, layout_basic,
          mainiacjoe_overflow_boulevard,
          mainiacjoe_overflow_concentric_impassable, uniq_erolcha
D:10:     minmay_octagon_keep, layout_rooms, okawaru_gym_becter,
          hangedman_abyss_or_decor_stagger
D:11:     layout_irregular_city, minmay_lair_entry_grove,
          minmay_orc_entry_temple_large
D:12:     layout_stronghold, cheibrodos_worm_habitat, uniq_lodul, uniq_snorg,
          uniq_josephine
D:13:     minmay_firetagon, layout_loops_ring
D:14:     layout_rooms, erik_vaults_2, grunt_dithmenos_smoke, serial_shops,
          nicolae_square_shop
D:15:     gammafunk_enter_depths_forms, layout_grid_maze,
          gauntlet_entry_generic, lightli_airlock, uniq_agnes
Lair:1:   layout_gridlike, grunt_megastairs_5, lemuel_fruit_tree, uniq_gastronok
Lair:2:   hellmonk_ruined_rings, layout_gridlike
Lair:3:   layout_chaotic_city, minmay_swamp_entry_worms,
          guppyfry_snake_entry_garden, infiniplex_staircase_pool
Lair:4:   layout_regular_city, slime_entry_1
Lair:5:   minmay_lair_end_enchanted_forest, layout_hall_layers, wad_woods_02,
          lemuel_fruit_fields
Orc:1:    layout_caves
Orc:2:    st_orc_pillars, layout_diamond_mine, biasface_ghost_orc_armoury,
          uniq_maurice

Skill      XL: |  1  2  3  4  5  6  7  8  9 10 11 12 13 14 15 16 |
---------------+-------------------------------------------------+-----
Axes           | 4 5 6 7 9 10 12 14 16 | 16.2
Fighting       | 4 5 6 7 8 10 12 15 17 18 20 | 20.0
Throwing       | 1 3 6 7 |  7.2
Dodging        | 3 5 6 7 8 |  8.0
Armour         | 6 8 11 13 14 15 16 | 16.6
Shields        | 8 11 12 14 | 14.8

Action                   |  1- 3 |  4- 6 |  7- 9 | 10-12 | 13-15 | 16-18 || total
-------------------------+-------+-------+-------+-------+-------+-------++-------
Melee: Hand axe          |    86 |   156 |    49 |       |       |       ||   291
       Headbutt          |    11 |    17 |    40 |   105 |   296 |    58 ||   527
       Punch             |       |     1 |       |     1 |     3 |       ||     5
       War axe           |       |       |   194 |   509 |  1046 |   239 ||  1988
       Morningstar       |       |       |       |    16 |    13 |       ||    29
       Broad axe         |       |       |       |       |     3 |       ||     3
Throw: Boomerang         |       |     9 |    41 |    28 |   190 |    32 ||   300
Invok: Berserk           |     1 |     7 |     8 |    17 |    33 |     3 ||    69
       Brothers in Arms  |       |       |       |     4 |     8 |     3 ||    15
       Trog's Hand       |       |       |       |       |     1 |     1 ||     2
  Use: Scroll            |     1 |    11 |    10 |     3 |     6 |     3 ||    34
       Potion            |     1 |     3 |     1 |       |       |     3 ||     8
 Stab: Distracted        |       |     1 |       |       |     1 |       ||     2
       Petrified         |       |       |       |       |    14 |       ||    14
       Petrifying        |       |       |       |       |     3 |       ||     3
Armor: Animal skin       |    11 |       |       |       |       |       ||    11
       Ring mail         |     9 |    23 |    40 |       |       |       ||    72
       Chain mail        |       |       |     7 |    57 |       |       ||    64
       Plate armour      |       |       |       |   137 |   409 |    66 ||   612
Dodge: Dodged            |    49 |    84 |   130 |   285 |   473 |    98 ||  1119
Block: Buckler           |       |       |       |       |   160 |       ||   160
       Kite shield       |       |       |       |       |     7 |   102 ||   109

Table legend:
 A = Non-vault XP
 B = Vault XP
 C = Vault XP percentage of total XP
 D = Non-vault monster count
 E = Vault monster count
 F = Vault count percentage of total count
                 A         B        C        D         E       F
            +---------+---------+-------+---------+---------+-------
      Total |  117304 |   56141 |  32.4 |     581 |     249 |  30.0
            +---------+---------+-------+---------+---------+-------
        D:1 |      34 |       6 |  15.0 |      20 |       4 |  16.7
        D:2 |      77 |      27 |  26.0 |      23 |       9 |  28.1
        D:3 |     207 |       0 |   0.0 |      30 |       0 |   0.0
        D:4 |     296 |      40 |  11.9 |      17 |      13 |  43.3
        D:5 |     886 |     216 |  19.6 |      22 |       8 |  26.7
        D:6 |    1175 |       0 |   0.0 |      25 |       0 |   0.0
        D:7 |     613 |     322 |  34.4 |      20 |       3 |  13.0
        D:8 |    3825 |     498 |  11.5 |      33 |       1 |   2.9
        D:9 |    1928 |    3500 |  64.5 |      26 |       5 |  16.1
       D:10 |    1381 |    2569 |  65.0 |      12 |      11 |  47.8
       D:11 |    4002 |    2585 |  39.2 |      25 |      35 |  58.3
       D:12 |   11141 |    4291 |  27.8 |      26 |      14 |  35.0
       D:13 |    9490 |    3098 |  24.6 |      18 |       5 |  21.7
       D:14 |    7959 |    6968 |  46.7 |      18 |       8 |  30.8
       D:15 |    9631 |    8158 |  45.9 |      23 |      11 |  32.4
     Lair:1 |    6474 |    2182 |  25.2 |      28 |       7 |  20.0
     Lair:2 |    9857 |       0 |   0.0 |      32 |       0 |   0.0
     Lair:3 |    9168 |    1476 |  13.9 |      27 |       6 |  18.2
     Lair:4 |   16987 |     344 |   2.0 |      47 |       2 |   4.1
     Lair:5 |   16872 |   10034 |  37.3 |      48 |      49 |  50.5
      Orc:1 |    4780 |       0 |   0.0 |      53 |       0 |   0.0
      Orc:2 |     521 |    9827 |  95.0 |       8 |      58 |  87.9
            +---------+---------+-------+---------+---------+-------
